 Dungeon Crawl Stone Soup version 0.30-a0-1066-g63dfefce0d (webtiles) character file.

Game seed: 3226742914712612033

27696 kiwi3s the Cleaver (level 13, -6/123 HPs)
             Began as a Minotaur Berserker on Apr 12, 2023.
             Was a High Priest of Trog.
             Shot with an arrow by Nessos (15 damage)
             ... on level 13 of the Dungeon.
             The game lasted 00:25:40 (16368 turns).

kiwi3s the Cleaver (Minotaur Berserker)            Turns: 16368, Time: 00:25:41

Health: -6/123     AC: 14    Str: 26    XL:     13   Next: 5%
Magic:  12/12      EV: 20    Int:  4    God:    Trog [*****.]
Gold:   821        SH:  0    Dex: 11    Spells: 12/12 levels left

rFire   . . .      SeeInvis .    m - +2 hand axe (drain)
rCold   . . .      Faith    .    (no shield)
rNeg    . . .      Spirit   .    I - +0 scale mail
rPois   .          Reflect  .    (helmet restricted)
rElec   .          Rampage  .    t - +0 cloak
rCorr   .                        X - +0 pair of gloves
Will    .....                    S - +0 pair of boots Stlth
                                 (no amulet)
HPRegen 0.40/turn                N - +5 ring of evasion
MPRegen 0.13/turn                F - +4 ring of slaying

@: lethally poisoned (-6 -> -13)
A: horns 2, retaliatory headbutt
a: Renounce Religion, Berserk, Trog's Hand, Brothers in Arms


You were on level 13 of the Dungeon.
You worshipped Trog.
Trog was extremely pleased with you.
You visited 1 branch of the dungeon, and saw 13 of its levels.

You collected 821 gold pieces.

Inventory:

Hand Weapons
 m - a +2 hand axe of draining (weapon)
 p - a +1 war axe of draining
 q - a +3 demon blade
 K - a +3 hand axe
 U - the +4 mace of Brawling {freeze, rElec}
   (You found it on level 7 of the Dungeon)

   rElec:     It insulates you from electricity.
Missiles
 i - 2 silver boomerangs
 j - 2 throwing nets (quivered)
 W - 5 javelins
 Z - 7 boomerangs
Armour
 t - a +0 cloak (worn)
 I - a +0 scale mail (worn)
 Q - a +0 buckler
 S - a +0 pair of boots (worn)
 X - a +0 pair of gloves (worn)
Jewellery
 a - an amulet of guardian spirit
 g - a ring of see invisible
 s - an amulet of regeneration
 F - a +4 ring of slaying (right hand)
 H - a ring of ice
 N - a +5 ring of evasion (left hand)
 R - a ring of resist corrosion
Wands
 l - a wand of light (5)
 D - a wand of digging (7)
Scrolls
 b - 2 scrolls of brand weapon
 d - 6 scrolls of enchant weapon
 e - 9 scrolls of teleportation
 f - 3 scrolls of fog
 n - 3 scrolls of identify
 u - 3 scrolls of magic mapping
 w - 4 scrolls of blinking
 z - 3 scrolls of enchant armour
 E - 4 scrolls of poison
 M - a scroll of acquirement
Potions
 c - 6 potions of heal wounds
 h - 2 potions of resistance
 k - 8 potions of brilliance
 r - 2 potions of curing
 x - 5 potions of haste
 B - 2 potions of might
 G - 2 potions of flight
 J - 3 potions of lignification


   Skills:
 + Level 13.7 Fighting
 + Level 13.8 Axes
 + Level 13.6 Armour
 + Level 12.4 Dodging


You had 12 spell levels left.
You didn't know any spells.
Your spell library was empty.

Dungeon Overview and Level Annotations

Branches:
Dungeon (13/15)            Temple (0/1) D:6            Lair (0/5) D:9
    Orc (0/2) D:10
 Vaults: D:13-14

Altars:
Dithmenos
Fedhas
Gozag
Hepliaklqana
Kikubaaqudgha
Makhleb
Nemelex Xobeh
Okawaru
Ru
Sif Muna
Trog
Uskayaw
Vehumet
Yredelemnul
Zin

Shops:
D:10 *

Annotations:
D:13 Nessos


Innate Abilities, Weirdness & Mutations

You have a pair of horns on your head.
You reflexively headbutt those who attack you in melee.


Message History

You are no longer poisoned.
The vampire casts a spell at you.
You are more confused.
You bump into the rock wall.
The vampire draws life force from you!
The vampire is healed by the life force!
You bump into the rock wall.
The vampire closely misses you. x2
Your magical effects are unravelling.
You feel magically purged.
You feel less confused. Nessos says, "Study your classics!"
The vampire gestures at you while chanting.
You easily resist.
You slash the vampire! You headbutt the vampire!
You destroy the vampire!
Trog accepts your kill.
Trog appreciates your killing of a magic user.
Nessos shoots an arrow.
The arrow hits you. The arrow burns you.
You are poisoned.
You feel sick.
Nessos casts a spell.
Nessos blinks!
Nessos shoots an arrow.
The arrow completely misses you.
Nessos shoots an arrow.
The arrow hits you!! The arrow burns you.
You are more poisoned.
Unknown command.
You feel very sick.
Nessos shoots an arrow.
The arrow hits you!!
* * * LOW HITPOINT WARNING * * *
The arrow burns you.
* * * LOW HITPOINT WARNING * * *
There is an open door, spattered with blood here.
* * * LOW HITPOINT WARNING * * *
You feel very sick.
Nessos casts a spell.
Nessos blinks!
Nessos shoots an arrow.
The arrow barely misses you.
You are too injured to fight recklessly!
Unknown command.
* * * LOW HITPOINT WARNING * * *
You feel very sick.
Nessos shoots an arrow.
The arrow hits you!
You die...

.....(.......#########
.........#####
#.####### #. ###+####
#......# #......#
#.c....#####
#..ยง.@.'...###########
#......###..<.........
#......# ############.
#......# ## ##+#####
##### #...#


You could see Nessos (fast).

Vanquished Creatures
  Rupert (D:13)
  A boulder beetle (D:12)
  A tengu warrior (D:12)
  6 two-headed ogres
  7 hell knights (D:12)
  A fire crab (D:9)
  The ghost of Bediveer the Cleaver, a novice NaFi (D:5)
  A deep elf pyromancer (D:13)
  5 cyclopes
  A yaktaur (shapeshifter) (D:13)
  2 unseen horrors
  4 trolls
  7 slime creatures
  Sigmund (D:2)
  A shadow (D:13)
  4 wyverns
  2 vampires
  17 yaks
  3 wraiths
  A steam dragon (D:9)
  13 vampire mosquitoes
  Edmund (D:6)
  3 water moccasins
  An acid dragon (D:13)
  7 hell hounds (D:12)
  An ice beast (D:6)
  2 black bears
  6 orc warriors
  2 sky beasts
  4 ogres
  A centaur (shapeshifter) (D:13)
  A phantom (D:4)
  4 centaurs
  2 bullfrogs (D:8)
  5 scorpions (D:5)
  8 wights
  11 killer bees
  4 howler monkeys
  A bullfrog zombie (D:5)
  3 hounds
  A jelly (D:6)
  Crazy Yiuf (D:2)
  2 gnoll boudas (D:5)
  7 orc priests
  A centaur skeleton (D:5)
  4 iguanas
  13 orc wizards
  Robin (D:4)
  7 adders
  12 gnolls
  2 white imps
  A worm (D:5)
  4 dart slugs
  58 orcs
  7 endoplasms
  3 giant cockroaches
  19 goblins
  9 hobgoblins
  3 jackals (D:3)
  3 quokkas (D:1)
  8 ball pythons
  3 bats
  3 frilled lizards
  3 kobolds
  7 rats
  A spectral orc (D:7)
330 creatures vanquished.

Vanquished Creatures (others)
  2 plants (D:1)
2 creatures vanquished.

Grand Total: 332 creatures vanquished

Notes
Turn   | Place    | Note
-------+----------+-------------------------------------------
     0 | D:1      | kiwi3s the Minotaur Berserker began the quest for the Orb.
     0 | D:1      | Reached XP level 1. HP: 19/19 MP: 0/0
    71 | D:1      | Reached XP level 2. HP: 21/27 MP: 1/1
   710 | D:2      | Reached XP level 3. HP: 30/33 MP: 2/2
   747 | D:2      | Reached ** piety under Trog
   810 | D:2      | Noticed Sigmund
   816 | D:2      | Killed Sigmund
   817 | D:2      | Reached XP level 4. HP: 41/41 MP: 3/3
   817 | D:2      | Reached XP level 5. HP: 47/47 MP: 4/4
  1016 | D:2      | Found a blossoming altar of Fedhas.
  1369 | D:2      | Found a runed translucent door.
  1370 | D:2      | Noticed Crazy Yiuf
  1381 | D:2      | Killed Crazy Yiuf
  1382 | D:2      | Reached skill level 5 in Fighting
  1382 | D:2      | Reached skill level 5 in Axes
  1515 | D:3      | Found a sacrificial altar of Ru.
  1518 | D:3      | Found a shimmering blue altar of Sif Muna.
  1817 | D:3      | Reached XP level 6. HP: 56/56 MP: 5/5
  2552 | D:4      | Noticed Robin
  2566 | D:4      | Killed Robin
  2793 | D:4      | Reached skill level 5 in Armour
  3480 | D:5      | Entered Level 5 of the Dungeon
  3507 | D:5      | Reached XP level 7. HP: 54/62 MP: 6/6
  3758 | D:5      | Reached skill level 5 in Dodging
  4014 | D:5      | Reached *** piety under Trog
  4615 | D:5      | Found an opulent altar of Gozag.
  4925 | D:5      | Reached XP level 8. HP: 50/71 MP: 7/7
  5460 | D:5      | Found a runed translucent gate.
  5461 | D:5      | Found a runed translucent gate.
  5461 | D:5      | Found a runed translucent gate.
  5464 | D:5      | Noticed Bediveer's ghost (novice NaFi)
  5487 | D:5      | Killed Bediveer's ghost
  5745 | D:6      | Noticed Edmund
  5759 | D:6      | Killed Edmund
  5842 | D:6      | Found a staircase to the Ecumenical Temple.
  5919 | D:6      | Reached XP level 9. HP: 81/81 MP: 8/8
  7409 | D:7      | Identified the +4 mace of Brawling {freeze, rElec}
  7985 | D:7      | Noticed a troll
  7992 | D:7      | Killed a troll
  8227 | D:7      | Found a sparkling altar of Nemelex Xobeh.
  8337 | D:7      | Found a shadowy altar of Dithmenos.
  8582 | D:7      | Found a basalt altar of Yredelemnul.
  8584 | D:7      | Reached **** piety under Trog
  8956 | D:8      | Noticed a two-headed ogre
  8963 | D:8      | Killed a two-headed ogre
  8964 | D:8      | Reached XP level 10. HP: 34/91 MP: 9/9
  9709 | D:8      | Found an ancient bone altar of Kikubaaqudgha.
  9779 | D:8      | Reached skill level 10 in Axes
  9900 | D:8      | Found a burning altar of Makhleb.
 10062 | D:9      | Reached skill level 10 in Fighting
 10440 | D:9      | Found a blossoming altar of Fedhas.
 10469 | D:9      | Noticed a two-headed ogre
 10480 | D:9      | Killed a two-headed ogre
 10481 | D:9      | Reached skill level 10 in Armour
 10686 | D:9      | Found a staircase to the Lair.
 10686 | D:9      | Noticed a fire crab
 10755 | D:9      | Killed a fire crab
 10919 | D:9      | Found a hide-covered altar of Uskayaw.
 10927 | D:9      | Found a glowing silver altar of Zin.
 10930 | D:9      | Found a bloodstained altar of Trog.
 10930 | D:9      | Found a radiant altar of Vehumet.
 10937 | D:9      | Found a hazy altar of Hepliaklqana.
 10967 | D:9      | Noticed a two-headed ogre
 10976 | D:9      | Killed a two-headed ogre
 10977 | D:9      | Reached XP level 11. HP: 85/101 MP: 10/10
 11421 | D:10     | Entered Level 10 of the Dungeon
 11444 | D:10     | Noticed a two-headed ogre
 11581 | D:10     | Killed a two-headed ogre
 11806 | D:10     | Reached skill level 10 in Dodging
 11818 | D:10     | Reached ***** piety under Trog
 11934 | D:10     | Found a staircase to the Orcish Mines.
 12145 | D:10     | Received a gift from Trog
 12242 | D:10     | Found an iron altar of Okawaru.
 12301 | D:10     | Found Ahunniro's Serpentskin Sales.
 12736 | D:11     | Identified a scroll of acquirement
 13635 | D:12     | Noticed a boulder beetle
 13655 | D:12     | Killed a boulder beetle
 13741 | D:12     | Reached XP level 12. HP: 102/112 MP: 11/11
 13971 | D:12     | Noticed a two-headed ogre
 13976 | D:12     | Killed a two-headed ogre
 14248 | D:12     | Noticed a tengu warrior
 14259 | D:12     | Killed a tengu warrior
 15665 | D:13     | Noticed Rupert
 15684 | D:13     | Killed Rupert
 16012 | D:13     | Noticed a two-headed ogre
 16022 | D:13     | Killed a two-headed ogre
 16134 | D:13     | Reached XP level 13. HP: 123/123 MP: 12/12
 16348 | D:13     | Noticed Nessos
 16368 | D:13     | Shot with an arrow by Nessos

Illustrated notes

Levels and vault maps discovered:
D:1:      minmay_arrival_stone_box, layout_basic, serial_aquarium,
          aquarium_bridge_long_separate [aquarium_subvault_bridge,
          aquarium_subvault_window, aquarium_subvault_balcony,
          aquarium_subvault_window, aquarium_subvault_bridge,
          aquarium_subvault_wall], aquarium_window_fake, aquarium_window_2,
          aquarium_view_2f, aquarium_view_2a, columned_hall_lemuel,
          serial_bayou_crossing
D:2:      layout_loops_ring, basic_altar, minmay_misc_feat_nine_boxes,
          uniq_sigmund, uniq_crazy_yiuf_cottage
D:3:      layout_loops_corners, mainiacjoe_overflow_catwalk_spiral
D:4:      layout_basic, uniq_robin
D:5:      layout_basic, nicolae_gozag_cash_rules_everything_around_me,
          gammafunk_ghost_necromancy, kennysheep_generic_room_16
D:6:      layout_basic, minmay_temple_entry_arrows, grunt_ministairs_9,
          uniq_edmund
D:7:      layout_loops_corners, nemelex_spade_bored_becter,
          mainiacjoe_overflow_catwalk, yredelemnul_forgotten_temple_becter
D:8:      layout_gridville, marbit_many_paths, kiku_gazebo_pond_becter,
          enter_bailey_5, kennysheep_small_spiral
D:9:      layout_loops_ring, lemuel_doored_altar,
          nicolae_overflow_hallway_of_the_gods, minmay_lair_entry_lava,
          kennysheep_crisscross, hangedman_abyss_or_decor_slice,
          kennysheep_generic_room_6
D:10:     layout_cave_pools, mainiacjoe_overflow_brackets, hiddenorc2_lemuel,
          guppyfry_shop_venom
D:11:     layout_roguey, minmay_liquid_box
D:12:     layout_stronghold, minmay_rotating_lava
D:13:     layout_roguey, david_vaults_5, uniq_rupert, uniq_nessos

Skill      XL: |  1  2  3  4  5  6  7  8  9 10 11 12 |
---------------+-------------------------------------+-----
Axes           | 4 5 6 8 9 10 12 13 | 13.8
Armour         | 3 4 5 6 7 9 10 12 13 | 13.6
Fighting       | 4 5 6 7 9 10 12 13 | 13.7
Dodging        | 3 4 5 6 8 9 11 12 | 12.4

Action                     |  1- 3 |  4- 6 |  7- 9 | 10-12 | 13-15 || total
---------------------------+-------+-------+-------+-------+-------++-------
  Melee: Hand axe          |    64 |   131 |   295 |   561 |    21 ||  1072
         Headbutt          |     9 |    22 |    55 |   156 |     7 ||   249
         Punch             |       |       |     8 |     8 |       ||    16
  Throw: Boomerang         |       |       |     9 |     8 |       ||    17
         Throwing net      |       |       |       |     1 |       ||     1
 Invoke: Berserk           |     1 |     3 |     7 |     7 |       ||    18
         Trog's Hand       |       |     1 |     1 |       |       ||     2
    Use: Scroll            |       |       |     3 |    18 |       ||    21
         Potion            |       |       |       |    12 |     1 ||    13
 Armour: Animal skin       |     5 |       |       |       |       ||     5
         Leather armour    |     4 |    44 |     9 |       |       ||    57
         Scale mail        |       |       |    91 |   140 |     2 ||   233
  Dodge: Dodged            |    34 |    79 |   173 |   396 |    19 ||   701

Table legend: (Time is in decaauts)
 A = Elapsed time spent in this place.
 B = Non-inter-level travel time spent in this place.
 C = Inter-level travel time spent in this place.
 D = Time resting spent in this place.
 E = Time spent auto-exploring this place.
 F = Levels seen in this place.
 G = Mean time per level.
                   A        B        C        D        E       F      G
               +--------+--------+--------+--------+--------+-----+--------+
         Total |  16358 |  15543 |    815 |   2599 |  10915 |  13 | 1258.3 |
       Dungeon |  16358 |  15543 |    815 |   2599 |  10915 |  13 | 1258.3 |
               +--------+--------+--------+--------+--------+-----+--------+

Top non-repeatable levels by time:
     D:5: 2262 daAuts
    D:12: 1868 daAuts
     D:7: 1652 daAuts
     D:9: 1487 daAuts
     D:8: 1325 daAuts
     D:6: 1233 daAuts
     D:4: 1192 daAuts
    D:10: 1023 daAuts
     D:3: 1019 daAuts
    D:11: 1017 daAuts
    D:13: 811 daAuts
     D:2: 797 daAuts
     D:1: 665 daAuts
